 Dungeon Sprint DCSS version 0.15-a0-1004-gbf4e2e6 (webtiles) character file.

37 MDvedh the Shooter (level 3, -3/34 HPs)
             Began as a Centaur Hunter on May 25, 2014.
             Was an Initiate of Okawaru.
             Slain by a gnoll sergeant
             ... wielding a +2,+2 halberd of distortion
              (18 damage)
             ... in the Dungeon (Sprint IX: "|||||||||||||||||||||||||||||").
             The game lasted 00:01:12 (171 turns).

MDvedh the Shooter (Centaur Hunter)                  Turns: 171, Time: 00:01:12

HP  -3/34        AC  9     Str 15      XL: 3   Next: 21%
MP   3/3         EV  3     Int 10      God: Okawaru [......]
Gold 0           SH  0     Dex 12      Spells:  0 memorised,  2 levels left

rFire  . . .     SeeInvis .     (no weapon)
rCold  . . .     Clarity  .     q - +0 plate armour
rNeg   . . .     Conserve .     (no shield)
rPois  .         rCorr    .     (no helmet)
rElec  .         rRot     .     (no cloak)
SustAb .         Spirit   .     p - +0 pair of gloves
rMut   .         Warding  .     (no barding)
Gourm  .         NoTele   +     (no amulet)
MR     .....                    s - +3 ring of dexterity
                                r - +2 ring of evasion

@: very quick, not resistant to hostile enchantments, extremely unstealthy
A: hooves 3, deformed body, speed 2, tough skin 3
a: Renounce Religion


You were in the Dungeon.
You worshipped Okawaru.
Okawaru was noncommittal.
You were not hungry.

You visited 1 branch

Inventory:

Hand weapons
 a - a +0,+0 short sword
 b - a +1,+1 shortbow
Missiles
 c - 7 arrows
Armour
 d - a +0 leather armour
 p - a +0 pair of gloves (worn)
 q - a +0 plate armour (worn)
Magical devices
 o - a wand of cold (7)
Comestibles
 f - a bread ration
Scrolls
 k - 2 scrolls of blinking
 m - 3 scrolls of remove curse
 n - 2 scrolls of amnesia
Jewellery
 r - a +2 ring of evasion (left hand)
 s - a +3 ring of dexterity (right hand)
Potions
 e - 4 potions of curing
 g - 3 potions of heal wounds
 h - a potion of haste
 i - 4 potions of magic
 j - a potion of berserk rage
 l - a potion of invisibility


   Skills:
 + Level 4.6 Fighting
 + Level 7.9 Bows
 - Level 1.3 Dodging
 - Level 0.5 Stealth


You had 2 spell levels left.
You didn't know any spells.

Dungeon Overview and Level Annotations

Branches:
Dungeon (1/1)

Altars:
Cheibriados
Dithmenos
Elyvilon
Fedhas
Gozag
Kikubaaqudgha
Makhleb
Nemelex Xobeh
Okawaru
Qazlal
Sif Muna
Trog
Vehumet
Xom
Yredelemnul
Zin
The Shining One
Beogh
Jiyva
Lugonu


Innate Abilities, Weirdness & Mutations

You have hooves in place of feet.
Armour fits poorly on your strangely shaped body.
You cover ground very quickly.
You have extremely tough skin (AC +3).


Message History

You kill the worker ant!
Okawaru accepts your kill.
Your Fighting skill increases to level 4!
Your Bows skill increases to level 7!
You have reached level 3!
Your experience leads to an increase in your attributes!
Increase (S)trength, (I)ntelligence, or (D)exterity?
You feel stronger.
Wield which item (- for none, * to show all)? (? for menu, Esc to quit)
Okay, then.
Unknown command.
Unknown command.
Wield which item (- for none, * to show all)? (? for menu, Esc to quit)
You are now empty-handed.
Drink which item? (? for menu, Esc to quit)
You feel better.
The gnoll sergeant hits you from afar with a +2,+2 halberd of distortion!
Space warps horribly around you!
Ouch! That really hurt!
You die... ▓▓▓▓▓▓▓▓▓▓▓▓▓▓▓▓▓▓▓▓▓▓▓▓▓▓▓▓▓▓▓▓▓ ...((...([5a.Og_@________________ ▓▓▓▓▓▓▓▓▓▓▓▓▓▓▓▓▓▓▓▓▓▓▓▓▓▓▓▓▓▓▓▓▓

You could see a two-headed ogre, a gnoll sergeant, a worker ant and a crimson imp.

Vanquished Creatures
  A worker ant (D)
  4 bats (D)
  A hobgoblin (D)
  A giant cockroach (D)
  2 goblin skeletons (D)
  3 rats (D)
12 creatures vanquished.

Notes
Turn   | Place    | Note
--------------------------------------------------------------
     0 | D        | MDvedh, the Centaur Hunter, began the quest for the Orb.
     0 | D        | Reached XP level 1. HP: 16/16 MP: 1/1
    12 | D        | Reached skill level 6 in Bows
    56 | D        | Reached XP level 2. HP: 25/25 MP: 2/2
    88 | D        | Found a glowing silver altar of Zin.
    88 | D        | Found a glowing golden altar of the Shining One.
    88 | D        | Found an ancient bone altar of Kikubaaqudgha.
    88 | D        | Found a basalt altar of Yredelemnul.
    88 | D        | Found a shimmering altar of Xom.
    88 | D        | Found a radiant altar of Vehumet.
    88 | D        | Found an iron altar of Okawaru.
    89 | D        | Found a burning altar of Makhleb.
    90 | D        | Found a deep blue altar of Sif Muna.
    91 | D        | Found a bloodstained altar of Trog.
    92 | D        | Found a sparkling altar of Nemelex Xobeh.
    93 | D        | Found a white marble altar of Elyvilon.
    94 | D        | Found a roughly hewn altar of Beogh.
    95 | D        | Found a viscous altar of Jiyva.
    96 | D        | Found a corrupted altar of Lugonu.
    97 | D        | Became a worshipper of Warmaster Okawaru
    98 | D        | Found a blossoming altar of Fedhas.
    99 | D        | Found a snail-covered altar of Cheibriados.
   100 | D        | Found a shadowy altar of Dithmenos.
   101 | D        | Found a stormy altar of Qazlal.
   102 | D        | Found an opulent altar of Gozag.
   147 | D        | Noticed a worker ant
   147 | D        | Noticed a crimson imp
   147 | D        | Noticed a two-headed ogre
   147 | D        | Noticed a gnoll sergeant
   147 | D        | Noticed a worker ant
   169 | D        | Killed a worker ant
   169 | D        | Reached skill level 7 in Bows
   169 | D        | Reached XP level 3. HP: 18/34 MP: 3/3
   171 | D        | Slain by a gnoll sergeant

Action                   || total
-------------------------++-------
 Fire: Shortbow          ||    27
  Use: Potion            ||     1
